cohdb
Replays
Latest Replays
All Replays
Popular Replays
Top Player Replays
Match Explorer
How It Works
Community
CoH3 Stats
Reddit
Sign in to upload your games and track your stats! →
Sign in with Steam
Match 37667640
Unlisted
Match 37667640
Overview
Messages
Build Orders
End
Construct Infanterie Kompanie
Selects Luftwaffe Battlegroup
Selects Luftwaffe Pioneer Support
Fallschirmpioneer Squad Paradrop
MG 42 Machine Gun Team
Fallschirmpioneer Squad Paradrop
Grenadier Squad
Medical Station
Selects Reconnaissance Run
Construct Panzergrenadier Kompanie
Selects Fallschirmjäger Squad Paradrop
Fallschirmjäger Squad Paradrop
Selects LG40 Recoilless Gun Paradrop
Support Elements
Nebelwerfer 42 Rocket Launcher Team
CryPsyco
Starman
STALKER4732
kit.ohume
0
0
Comments
sign in to comment!
No comments posted yet!